ESL (28 & UNDER)
RIO GRANDE RATTLESNAKE @ INTERCOURSE AMISH
08/30/2029
 
TOP OF THE 1ST
Rio Grande Rattlesnake batting - Pitching for Intercourse Amish : RHP Errol Murphy
Pitching: RHP Errol Murphy
Batting: RHB Jaime Delgado 0-0: Ball
1-0: SINGLE (Line Drive, 9S)
Batting: LHB Pedro Díaz 0-0: Ball
1-0: Grounds into double play, 4-6-3 (Groundball, 4M)
Batting: LHB Justin Holland 0-0: Ball
1-0: Called Strike
1-1: Swinging Strike
1-2: Strikes out swinging
Top of the 1st over - 0 runs, 1 hit, 0 errors, 0 left on base; Rio Grande 0 - Intercourse 0
BOTTOM OF THE 1ST
Intercourse Amish batting - Pitching for Rio Grande Rattlesnake : RHP Alejandro Guzmán
Pitching: RHP Alejandro Guzmán
Batting: RHB Pablo Díaz 0-0: Called Strike
0-1: SINGLE (Line Drive, 6MD)
Batting: LHB Jesús Rojas 0-0: Ball
1-0: Foul Ball, location: 2F
1-1: Foul Ball, location: 2F
1-2: Strikes out swinging
Batting: LHB Dave Reynolds 0-0: Ball
1-0: Called Strike
1-1: Called Strike
1-2: Ball
2-2: Ball
3-2: Grounds into double play, 5-4-3 (Groundball, 5)
Bottom of the 1st over - 0 runs, 1 hit, 0 errors, 0 left on base; Rio Grande 0 - Intercourse 0
TOP OF THE 2ND
Rio Grande Rattlesnake batting - Pitching for Intercourse Amish : RHP Errol Murphy
Batting: RHB Gary Thomas 0-0: Called Strike
0-1: Called Strike
0-2: Ball
1-2: Ball
2-2: DOUBLE (Line Drive, 78D)
Batting: RHB Alejandro Ramos 0-0: Foul Ball, location: 2F
0-1: Ball
1-1: Called Strike
1-2: Ground out 4-3 (Groundball, 4)
Gary Thomas to third
Batting: RHB Doug Delaney 0-0: Ball
1-0: Ball
2-0: Foul Ball, location: 2F
2-1: Swinging Strike
2-2: Foul Ball, location: 2F
2-2: Ball
3-2: Hit by Pitch
Batting: RHB Matt Dickson 0-0: Ball
1-0: Ground out 5-3 (Groundball, 56S)
Gary Thomas scores
Doug Delaney to second
Batting: SHB Jeremy Holmes 0-0: Ball
1-0: SINGLE (Flyball, 7S)
Doug Delaney to third
Runner from 3rd tries for Home, SAFE, no throw
Batting: LHB Alberto Roberts 0-0: Called Strike
0-1: DOUBLE (Flyball, 89D)
Jeremy Holmes to third
Batting: RHB Jaime Delgado 0-0: Ball
1-0: Ground out 4-3 (Groundball, 4)
Top of the 2nd over - 2 runs, 3 hits, 0 errors, 2 left on base; Rio Grande 2 - Intercourse 0
BOTTOM OF THE 2ND
Intercourse Amish batting - Pitching for Rio Grande Rattlesnake : RHP Alejandro Guzmán
Batting: LHB Bruce Foster 0-0: Ball
1-0: Ball
2-0: Foul Ball, location: 2F
2-1: Swinging Strike
2-2: Ball
3-2: Foul Ball, location: 2F
3-2: Base on Balls
Batting: RHB Mitsuoki Taguchi 0-0: Fly out, F1 (Line Drive, 13S)
Batting: RHB Juan Estrada 0-0: Called Strike
0-1: Ball
1-1: Reached on error, E5 (Groundball, 56)
Bruce Foster to second
Batting: LHB Tony O'Bryan 0-0: Ball
1-0: Fly out, F8 (Line Drive, 78S)
Batting: RHB Bob Carr 0-0: Foul Ball, location: 2F
0-1: Ball
1-1: Ball
2-1: Swinging Strike
2-2: Strikes out swinging
Bottom of the 2nd over - 0 runs, 0 hits, 1 error, 2 left on base; Rio Grande 2 - Intercourse 0
TOP OF THE 3RD
Rio Grande Rattlesnake batting - Pitching for Intercourse Amish : RHP Errol Murphy
Batting: LHB Pedro Díaz 0-0: Ball
1-0: Called Strike
1-1: Called Strike
1-2: Strikes out looking
Batting: LHB Justin Holland 0-0: Fly out, F3 (Popup, 3F)
Batting: RHB Gary Thomas 0-0: Ball
1-0: Called Strike
1-1: Ground out 5-3 (Groundball, 5S)
Top of the 3rd over - 0 runs, 0 hits, 0 errors, 0 left on base; Rio Grande 2 - Intercourse 0
BOTTOM OF THE 3RD
Intercourse Amish batting - Pitching for Rio Grande Rattlesnake : RHP Alejandro Guzmán
Batting: RHB Roberto Solís 0-0: Ball
1-0: Called Strike
1-1: Ground out U3 (Groundball, 34)
Batting: RHB Pablo Díaz 0-0: Ball
1-0: Ball
2-0: Ball
3-0: Base on Balls
Batting: LHB Jesús Rojas 0-0: SINGLE (Groundball, 13) (infield hit)
Pablo Díaz to second
Batting: LHB Dave Reynolds 0-0: Fly out, F6 (Popup, 6MD)
Batting: LHB Bruce Foster 0-0: Ball
1-0: Ball
2-0: Ball
3-0: Base on Balls
Pablo Díaz to third
Jesús Rojas to second
Batting: RHB Mitsuoki Taguchi 0-0: Ball
1-0: Ball
2-0: Called Strike
2-1: Ball
3-1: Base on Balls
Pablo Díaz scores
Jesús Rojas to third
Bruce Foster to second
Batting: RHB Juan Estrada 0-0: Called Strike
0-1: Ball
1-1: Ball
2-1: Foul Ball, location: 2F
2-2: Fly out, F7 (Flyball, 78S)
Bottom of the 3rd over - 1 run, 1 hit, 0 errors, 3 left on base; Rio Grande 2 - Intercourse 1
TOP OF THE 4TH
Rio Grande Rattlesnake batting - Pitching for Intercourse Amish : RHP Errol Murphy
Batting: RHB Alejandro Ramos 0-0: Called Strike
0-1: Ball
1-1: SINGLE (Line Drive, 6MD)
Batting: RHB Doug Delaney 0-0: Ball
1-0: Ball
2-0: Foul Ball, location: 2F
2-1: Swinging Strike
2-2: Ball
Wild Pitch!
Alejandro Ramos to second
3-2: TRIPLE (Flyball, 9D)
Alejandro Ramos scores
Batting: RHB Matt Dickson 0-0: Called Strike
0-1: Ball
1-1: Foul Ball, location: 2F
1-2: Ground out 5-3 (Groundball, 56S)
Doug Delaney scores
Batting: SHB Jeremy Holmes 0-0: Ball
1-0: Foul Ball, location: 2F
1-1: Ball
2-1: Called Strike
2-2: Ball
3-2: SINGLE (Groundball, 3D)
Batting: LHB Alberto Roberts 0-0: Called Strike
0-1: Foul Ball, location: 2F
0-2: Fly out, F8 (Flyball, 8LS)
Batting: RHB Jaime Delgado 0-0: Ball
1-0: Called Strike
1-1: Ball
2-1: Called Strike
2-2: Ground out 4-3 (Groundball, 4)
Top of the 4th over - 2 runs, 3 hits, 0 errors, 1 left on base; Rio Grande 4 - Intercourse 1
BOTTOM OF THE 4TH
Intercourse Amish batting - Pitching for Rio Grande Rattlesnake : RHP Alejandro Guzmán
Batting: LHB Tony O'Bryan 0-0: Called Strike
0-1: Ball
1-1: Ground out 4-3 (Groundball, 4D)
Batting: RHB Bob Carr 0-0: Ground out 5-3 (Groundball, 56S)
Batting: RHB Roberto Solís 0-0: Called Strike
0-1: Fly out, F9 (Flyball, 9D)
Bottom of the 4th over - 0 runs, 0 hits, 0 errors, 0 left on base; Rio Grande 4 - Intercourse 1
TOP OF THE 5TH
Rio Grande Rattlesnake batting - Pitching for Intercourse Amish : RHP Errol Murphy
Batting: LHB Pedro Díaz 0-0: Ball
1-0: Called Strike
1-1: SINGLE (Groundball, 34D)
Batting: LHB Justin Holland 0-0: Called Strike
0-1: Fly out, F5 (Popup, 56)
Batting: RHB Gary Thomas 0-0: Ball
1-0: Called Strike
1-1: Ball
2-1: Ball
3-1: Called Strike
3-2: SINGLE (Groundball, 56D)
Pedro Díaz to second
Batting: RHB Alejandro Ramos 0-0: Foul Ball, location: 2F
0-1: Ball
1-1: Ball
2-1: Ball
3-1: Base on Balls
Pedro Díaz to third
Gary Thomas to second
Batting: RHB Doug Delaney 0-0: Called Strike
0-1: Foul Ball, location: 2F
0-2: Ball
1-2: Foul Ball, location: 2F
1-2: Ball
2-2: Fly out, F7 (Flyball, 78D)
Runner from 3rd tags up, SCORES, throw made
Batting: RHB Matt Dickson 0-0: Ball
1-0: Foul Ball, location: 2F
1-1: Fielders Choice at 2nd, 5-4 (Groundball, 56)
Top of the 5th over - 1 run, 2 hits, 0 errors, 2 left on base; Rio Grande 5 - Intercourse 1
BOTTOM OF THE 5TH
Intercourse Amish batting - Pitching for Rio Grande Rattlesnake : RHP Alejandro Guzmán
Batting: RHB Pablo Díaz 0-0: Called Strike
0-1: Ball
1-1: Swinging Strike
1-2: Strikes out swinging
Batting: LHB Jesús Rojas 0-0: Foul Ball, location: 2F
0-1: Ball
1-1: Called Strike
1-2: Ball
2-2: Fly out, F7 (Flyball, 7LS)
Batting: LHB Dave Reynolds 0-0: Ball
1-0: Ball
2-0: Ball
3-0: Fly out, F8 (Flyball, 8LD)
Bottom of the 5th over - 0 runs, 0 hits, 0 errors, 0 left on base; Rio Grande 5 - Intercourse 1
TOP OF THE 6TH
Rio Grande Rattlesnake batting - Pitching for Intercourse Amish : RHP Errol Murphy
Pitching: RHP Sixto Santiago
Batting: SHB Jeremy Holmes 0-0: Ball
1-0: Foul Ball, location: 2F
1-1: Ball
2-1: Ball
3-1: Ground out 4-3 (Groundball, 4)
Batting: LHB Alberto Roberts 0-0: Ball
1-0: Ball
2-0: Foul Ball, location: 2F
2-1: SINGLE (Flyball, 78S)
Batting: RHB Jaime Delgado 0-0: Ball
1-0: Called Strike
1-1: Foul Ball, location: 2F
1-2: Ball
2-2: SINGLE (Groundball, 4M) (infield hit)
Alberto Roberts to second
Batting: LHB Pedro Díaz 0-0: Ball
1-0: Called Strike
1-1: Swinging Strike
1-2: Ball
2-2: Reached on error, E3 (Groundball, 34)
Alberto Roberts to third
Jaime Delgado to second
Batting: LHB Justin Holland 0-0: Ball
1-0: Ball
2-0: Ball
3-0: Base on Balls
Alberto Roberts scores
Jaime Delgado to third
Pedro Díaz to second
Batting: RHB Gary Thomas 0-0: Called Strike
0-1: Foul Ball, location: 2F
0-2: Ball
1-2: Ball
2-2: Foul Ball, location: 2F
2-2: Ball
3-2: Base on Balls
Jaime Delgado scores
Pedro Díaz to third
Justin Holland to second
Batting: RHB Alejandro Ramos 0-0: Grounds into double play, 6-4-3 (Groundball, 6)
Top of the 6th over - 2 runs, 2 hits, 1 error, 2 left on base; Rio Grande 7 - Intercourse 1
BOTTOM OF THE 6TH
Intercourse Amish batting - Pitching for Rio Grande Rattlesnake : RHP Alejandro Guzmán
Batting: LHB Bruce Foster 0-0: Called Strike
0-1: Swinging Strike
0-2: Strikes out looking
Batting: RHB Mitsuoki Taguchi 0-0: Called Strike
0-1: Ball
1-1: Swinging Strike
1-2: Ball
2-2: Ball
3-2: Base on Balls
Pitching: RHP Nelson Britt
Batting: RHB Juan Estrada 0-0: Swinging Strike
0-1: Ball
1-1: Foul Ball, location: 2F
1-2: Ball
2-2: Foul Ball, location: 2F
2-2: Ball
3-2: Foul Ball, location: 2F
3-2: Foul Ball, location: 2F
3-2: Foul Ball, location: 2F
3-2: Foul Ball, location: 2F
3-2: Base on Balls
Mitsuoki Taguchi to second
Batting: LHB Tony O'Bryan 0-0: Ball
1-0: Ball
2-0: Swinging Strike
2-1: SINGLE (Groundball, 6MD)
Mitsuoki Taguchi to third
Juan Estrada to second
Runner from 3rd tries for Home, SAFE, no throw
Batting: RHB Bob Carr 0-0: Called Strike
0-1: Foul Ball, location: 2F
0-2: Ball
1-2: Strikes out swinging
Batting: RHB Roberto Solís 0-0: Hit by Pitch
Juan Estrada to third
Tony O'Bryan to second
Batting: RHB Pablo Díaz 0-0: Ball
1-0: Ball
2-0: Foul Ball, location: 2F
2-1: Ball
3-1: Called Strike
3-2: Ground out 4-3 (Groundball, 4)
Bottom of the 6th over - 1 run, 1 hit, 0 errors, 3 left on base; Rio Grande 7 - Intercourse 2
TOP OF THE 7TH
Rio Grande Rattlesnake batting - Pitching for Intercourse Amish : RHP Sixto Santiago
Batting: RHB Doug Delaney 0-0: Called Strike
0-1: Called Strike
0-2: Ground out 4-3 (Groundball, 4MS)
Batting: RHB Matt Dickson 0-0: Ball
1-0: Ball
2-0: Foul Ball, location: 2F
2-1: Fly out, F9 (Flyball, 9S)
Batting: SHB Jeremy Holmes 0-0: Ball
1-0: SINGLE (Groundball, 23) (infield hit)
Batting: LHB Alberto Roberts 0-0: Fly out, F5 (Popup, 5SF)
Top of the 7th over - 0 runs, 1 hit, 0 errors, 1 left on base; Rio Grande 7 - Intercourse 2
BOTTOM OF THE 7TH
Intercourse Amish batting - Pitching for Rio Grande Rattlesnake : RHP Nelson Britt
Batting: LHB Jesús Rojas 0-0: Ball
1-0: Called Strike
1-1: SINGLE (Groundball, 34D)
Batting: LHB Dave Reynolds 0-0: Ball
Pickoff Throw to First - Out!
1-0: SINGLE (Line Drive, 34D)
Batting: LHB Bruce Foster 0-0: Ball
1-0: Ball
2-0: Ball
3-0: Base on Balls
Dave Reynolds to second
Batting: RHB Mitsuoki Taguchi 0-0: Ball
1-0: Ball
2-0: Ball
3-0: Called Strike
3-1: Base on Balls
Dave Reynolds to third
Bruce Foster to second
Batting: RHB Juan Estrada 0-0: Called Strike
0-1: Foul Ball, location: 2F
0-2: Grounds into double play, 6-4-3 (Groundball, 6)
Bottom of the 7th over - 0 runs, 2 hits, 0 errors, 2 left on base; Rio Grande 7 - Intercourse 2
TOP OF THE 8TH
Rio Grande Rattlesnake batting - Pitching for Intercourse Amish : RHP Sixto Santiago
Batting: RHB Jaime Delgado 0-0: Ball
1-0: Called Strike
1-1: Ball
2-1: Ball
3-1: Called Strike
3-2: SINGLE (Groundball, 6MD)
Batting: LHB Pedro Díaz 0-0: Ball
1-0: Fielders Choice at 2nd, 3-6 (Groundball, 3)
Batting: LHB Justin Holland 0-0: Ball
1-0: Ball
2-0: Swinging Strike
2-1: Called Strike
2-2: Strikes out looking
Batting: RHB Gary Thomas 0-0: Called Strike
0-1: Foul Ball, location: 2F
0-2: Ball
1-2: Strikes out looking
Top of the 8th over - 0 runs, 1 hit, 0 errors, 1 left on base; Rio Grande 7 - Intercourse 2
BOTTOM OF THE 8TH
Intercourse Amish batting - Pitching for Rio Grande Rattlesnake : RHP Nelson Britt
Batting: LHB Tony O'Bryan 0-0: Called Strike
0-1: Foul Ball, location: 2F
0-2: Foul Ball, location: 2F
0-2: Ball
1-2: Foul Ball, location: 2F
1-2: Ball
2-2: Ball
3-2: Base on Balls
Pitching: RHP José Estrada
Batting: RHB Bob Carr 0-0: Ball
1-0: Swinging Strike
1-1: Ball
2-1: Fly out, F9 (Flyball, 9D)
Batting: RHB Roberto Solís 0-0: Ball
1-0: Foul Ball, location: 2F
1-1: 2-RUN HOME RUN (Flyball, 7LD), Distance : 354 ft
Batting: RHB Pablo Díaz 0-0: SINGLE (Groundball, 56D)
Batting: LHB Jesús Rojas 0-0: Called Strike
0-1: Called Strike
0-2: Foul Ball, location: 2F
0-2: Hit by Pitch
Pablo Díaz to second
Batting: LHB Dave Reynolds 0-0: Ball
1-0: Swinging Strike
1-1: Foul Ball, location: 2F
1-2: Ball
2-2: Fly out, F9 (Flyball, 9)
Batting: LHB Bruce Foster 0-0: Called Strike
0-1: Called Strike
0-2: Ball
1-2: Ball
2-2: Ground out U3 (Groundball, 34S)
Bottom of the 8th over - 2 runs, 2 hits, 0 errors, 2 left on base; Rio Grande 7 - Intercourse 4
TOP OF THE 9TH
Rio Grande Rattlesnake batting - Pitching for Intercourse Amish : RHP Sixto Santiago
Batting: RHB Alejandro Ramos 0-0: Foul Ball, location: 2F
0-1: Ball
1-1: Ground out 6-3 (Groundball, 6)
Batting: RHB Doug Delaney 0-0: Called Strike
0-1: Ball
1-1: SINGLE (Flyball, 8RS)
Batting: RHB Matt Dickson 0-0: Called Strike
Doug Delaney steals 2nd base
0-1: Ball
1-1: Intentional Walk
Pitching: RHP Jeremiah Moran
Batting: SHB Jeremy Holmes 0-0: Swinging Strike
0-1: Ball
1-1: Ball
2-1: Foul Ball, location: 2F
2-2: Foul Ball, location: 2F
2-2: Foul Ball, location: 2F
2-2: Strikes out swinging
Batting: LHB Alberto Roberts 0-0: Called Strike
0-1: Called Strike
0-2: Ball
1-2: Fly out, F8 (Flyball, 78D)
Top of the 9th over - 0 runs, 1 hit, 0 errors, 2 left on base; Rio Grande 7 - Intercourse 4
BOTTOM OF THE 9TH
Intercourse Amish batting - Pitching for Rio Grande Rattlesnake : RHP José Estrada
Pitching: RHP Robinson Ramírez
Batting: RHB Mitsuoki Taguchi 0-0: Ground out 5-3 (Groundball, 5L)
Batting: RHB Juan Estrada 0-0: Ball
1-0: Foul Ball, location: 2F
1-1: Ball
2-1: SINGLE (Line Drive, 6MD)
Batting: LHB Tony O'Bryan 0-0: DOUBLE (Flyball, 8RXD)
Juan Estrada to third
Pinch Hitting: LHB Caleb Hall 0-0: Ball
1-0: Ball
2-0: Swinging Strike
2-1: Fly out, F9 (Flyball, 9)
Runner from 3rd tags up, SCORES, no throw
Pinch Hitting: SHB Conan Hanson 0-0: Called Strike
0-1: Ball
1-1: Ball
2-1: Hit by Pitch
Batting: RHB Pablo Díaz 0-0: Swinging Strike
0-1: Foul Ball, location: 2F
0-2: Ball
1-2: Ball
2-2: Foul Ball, location: 2F
2-2: Ball
3-2: Foul Ball, location: 2F
3-2: Ground out 5-3 (Groundball, 56)
Bottom of the 9th over - 1 run, 2 hits, 0 errors, 2 left on base; Rio Grande 7 - Intercourse 5
Saturday, December 16th, 2017 - OOTP Baseball 18.8 Build 76